 Dungeon Crawl Stone Soup version 0.31.0-32-g396128a36d (webtiles) character file.

Game seed: 9940326909498590666

2732 Alphaeus the Grappler (level 9, -11/85 HPs)
             Began as a Troll Shapeshifter on Mar 19, 2024.
             Was a Follower of Qazlal.
             Mangled by an orc warrior
             ... wielding a +0 bardiche
              (19 damage)
             ... in a bailey.
             The game lasted 00:08:18 (5434 turns).

Alphaeus the Grappler (Troll Shapeshifter)          Turns: 5434, Time: 00:08:19

Health: -11/85     AC:  5    Str: 28    XL:     9   Next: 40%
Magic:  8/8        EV:  9    Int:  6    God:    Qazlal [*.....]
Gold:   448        SH:  1    Dex:  9    Spells: 8/8 levels left

rFire   . .          .
                       - Unarmed
rCold   . . .        (no shield)
rNeg    . . .        a - +1 animal skin
rPois   .            (helmet currently unavailable)
rElec   .            (cloak currently unavailable)
rCorr   .            (gloves unavailable)
SInv    .            (boots unavailable)
Will    .....        (no amulet)
Stlth   +            (no ring)
HPRegen 1.14/turn    (no ring)
MPRegen 0.11/turn

%: no passive effects
@: beast-form
A: beast (slay +4), large, unfitting armour, claws 3, regeneration 1, shaggy fur
1, tough skin 1
a: Begin Untransformation, Renounce Religion


You were in a bailey.
You worshipped Qazlal.
Qazlal was aware of your devotion.
You were a hulking beast.
You visited 2 branches of the dungeon, and saw 8 of its levels.
You also visited: Sewer and Bailey.

You collected 448 gold pieces.

Inventory:

Armour
 a - a +1 animal skin (worn)
Jewellery
 n - a +6 ring of intelligence
 B - a ring of resist corrosion
Talismans
 c - a beast talisman
 d - a flux talisman
Wands
 A - a wand of roots (7)
Scrolls
 f - a scroll of identify
 h - 3 scrolls of poison
 j - a scroll of noise
 m - 2 scrolls of teleportation
 q - a scroll of fog
 r - 2 scrolls of blinking
 u - a scroll of immolation
 w - a scroll of amnesia
 x - a scroll of fear
Potions
 b - 3 potions of lignification
 e - 3 potions of might
 g - 3 potions of heal wounds
 i - a potion of berserk rage
 k - 2 potions of invisibility
 l - 3 potions of haste
 o - 6 potions of mutation
 p - 5 potions of brilliance
 s - a potion of enlightenment
 t - a potion of cancellation
 v - a potion of curing


   Skills:
 + Level 4.7 Fighting
 - Level 1.5 Dodging
 * Level 8.8 Unarmed Combat
 * Level 8.1 Shapeshifting


You had 8 spell levels left.
You didn't know any spells.
Your spell library contained the following spells:

 Spells                   Type           Power      Damage    Failure   Level
 Cigotuvi's Dreadful Rot  Necr/Alch/Air  0%         N/A       58%         2
 Gell's Gravitas          Tloc           0%         N/A       83%         3
 Teleport Other           Tloc           0%         N/A       83%         3
 Dispel Undead            Necr           0%         3d6       99%         4
 Martyr's Knell           Necr/Summ      0%         N/A       99%         4
 Death Channel            Necr           0%         N/A       100%        6
 Dispersal                Tloc           0%         N/A       100%        6


Dungeon Overview and Level Annotations

Branches:
Dungeon (7/15)             Temple (1/1) D:6           Sewer (visited)
 Bailey (1/1)

Altars:
Ashenzari
Cheibriados
Dithmenos
Elyvilon
Fedhas
Gozag
Makhleb
Nemelex Xobeh
Okawaru
Qazlal
Ru
Sif Muna
Uskayaw
Vehumet
Wu Jian
Xom
Yredelemnul
Zin
The Shining One


Innate Abilities, Weirdness & Mutations

You are a hulking beast.
Your limbs bulge with bestial killing power. (Slay +4)
You are too large for most types of armour.
You have claws for hands.
Your natural rate of healing is unusually fast.
You are covered in fur. (AC +1)
You have tough skin. (AC +1)


Message History

The orc warrior hits you from afar with a +0 glaive.
The orc warrior barely misses you.
You claw the orc warrior!
The orc warrior is heavily wounded.
The orc warrior hits you but does no damage.
You scratch the orc warrior.
The orc warrior is heavily wounded.
The orc warrior hits you from afar with a +0 glaive!
The orc warrior closely misses you.
You barely miss the orc warrior.
The orc warrior is heavily wounded.
You scratch the orc warrior.
The orc warrior is severely wounded.
The orc warrior hits you from afar with a +0 glaive!
The orc warrior hits you with a +0 bardiche.
You are too injured to fight recklessly!
You are too injured to fight recklessly!
You are too injured to fight recklessly!
You are too injured to fight recklessly!
You are too injured to fight recklessly!
You are too injured to fight recklessly!
You are too injured to fight recklessly!
You are too injured to fight recklessly!
You are too injured to fight recklessly!
You are too injured to fight recklessly!
You are too injured to fight recklessly!
You are too injured to fight recklessly!
You are too injured to fight recklessly!
You are too injured to fight recklessly!
You claw the orc warrior!
The orc warrior is almost dead.
The orc warrior hits you with a +0 bardiche!
The orc warrior hits you from afar with a +0 glaive!
* * * LOW HITPOINT WARNING * * *
You scratch the orc warrior.
The orc warrior is almost dead.
The orc warrior hits you from afar with a +0 glaive!
* * * LOW HITPOINT WARNING * * *
The orc warrior hits you with a +0 bardiche!!
You die...

#≈..'..≈.≈≈.≈.≈.≈≈.≈
#≈..#.≈≈.≈.≈≈.≈≈.≈.≈
#≈..#.≈.≈≈.≈...≈.≈≈.
#≈))#.≈.≈.≈≈...≈≈.≈.
#≈..#.≈.≈.≈.⌠∩⌠.≈.≈.
#≈.)#.≈.≈.≈..∩..≈.≈.
#≈..#.≈.≈.≈.⌠∩⌠.≈.≈.
#≈..#.≈.≈.≈≈...≈≈.≈.
#≈oh# ≈.≈≈.≈...≈.≈≈.
#≈○.# ≈≈.≈.≈≈≈≈≈.≈.≈
#≈.o# .≈.≈≈.))..≈≈.≈
#≈..⌠ .≈≈.≈≈≈.≈≈≈.≈≈
#≈... ..≈≈..≈.≈))≈≈.
#≈...#.⌠.≈≈≈...≈≈≈.⌠
#≈...##....≈≈≈≈≈)...
#≈....#####....)####
#######


You could see 2 orc warriors.

Vanquished Creatures
  2 wyverns (D:6)
  A water moccasin (D:5)
  3 ice beasts
  2 black bears
  3 centaurs
  3 phantoms
  A kobold brigand (Sewer)
  2 scorpions
  9 wights (D:6)
  2 hounds
  A jelly (D:6)
  A sleepcap (D:7)
  An orc priest (D:6)
  2 iguanas
  5 orc wizards
  Robin (D:2)
  7 gnolls
  6 river rats
  14 adders
  2 dart slugs
  A ribbon worm (D:4)
  36 orcs
  12 endoplasms
  4 giant cockroaches
  13 goblins
  4 hobgoblins
  4 jackals (D:1)
  3 quokkas (D:4)
  11 ball pythons
  6 bats
  7 frilled lizards
  21 kobolds
  24 rats
214 creatures vanquished.

Notes
Turn   | Place    | Note
-------+----------+-------------------------------------------
     0 | D:1      | Alphaeus the Troll Shapeshifter began the quest for the
                  | Orb.
     0 | D:1      | Reached XP level 1. HP: 18/18 MP: 0/0
    52 | D:1      | Reached skill level 1 in Fighting
   108 | D:1      | Reached XP level 2. HP: 27/27 MP: 1/1
   563 | D:2      | Reached XP level 3. HP: 10/33 MP: 2/2
   716 | D:2      | Noticed Robin
   743 | D:2      | Killed Robin
   744 | D:2      | Reached XP level 4. HP: 12/41 MP: 3/3
  1452 | D:3      | Reached XP level 5. HP: 46/49 MP: 4/4
  1698 | D:4      | Noticed a phantom
  1712 | D:4      | Killed a phantom
  1743 | D:4      | Found a glowing golden altar of the Shining One.
  1798 | D:4      | Reached XP level 6. HP: 53/57 MP: 5/5
  1886 | D:4      | Reached skill level 5 in Unarmed Combat
  1975 | D:4      | Found a glowing drain.
  1979 | Sewer    | Entered a sewer
  2024 | Sewer    | Reached skill level 5 in Shapeshifting
  2641 | D:4      | Reached XP level 7. HP: 57/66 MP: 6/6
  2818 | D:5      | Entered Level 5 of the Dungeon
  3347 | D:5      | Reached XP level 8. HP: 60/75 MP: 7/7
  4124 | D:6      | Found a shimmering blue altar of Sif Muna.
  4124 | D:6      | Found a sparkling altar of Nemelex Xobeh.
  4138 | D:6      | Found a shadowy altar of Dithmenos.
  4190 | D:6      | Reached XP level 9. HP: 51/84 MP: 8/8
  4549 | D:6      | Found a staircase to the Ecumenical Temple.
  4783 | Temple   | Entered the Ecumenical Temple
  4809 | Temple   | Became a worshipper of Qazlal Stormbringer
  5240 | D:7      | Found a flagged portal.
  5252 | Bailey   | Entered a bailey
  5268 | Bailey   | Reached * piety under Qazlal
  5434 | Bailey   | Mangled by an orc warrior

Illustrated notes

Levels and vault maps discovered:
D:1:      scummos_arrival_forest, layout_basic, serial_glass, glass_columns_a,
          glass_columns_c, glass_columns_a, glass_columns_b, glass_columns_a,
          glass_columns_a, glass_columns_a, glass_columns_c, glass_columns_b,
          glass_columns_a, feat_on_display, minmay_strange_pillars,
          minmay_strange_pillars, item_on_display_a, minmay_tetromino_s2
D:2:      layout_rooms, serial_bayou_lake_a, uniq_robin
D:3:      layout_basic, kennysheep_path_1, minmay_snake_closets
D:4:      layout_cave_pools, mainiacjoe_overflow_surrounded_room,
          gup_sewer_entry_spiral
D:5:      layout_basic, grunt_decor_clamped, hangedman_decor_clover_reticule
D:6:      layout_basic, grunt_temple_overflow_open, minmay_temple_entry_mist
D:7:      lemuel_slime, layout_gridville, enter_bailey_2, eino_tiny_chamber,
          chequers_garden
Temple:   bh_familiar_temple
Bailey:   bailey_polearm_flooded_kennysheep, bailey

Skill      XL: |  1  2  3  4  5  6  7  8  9 |
---------------+----------------------------+-----
Fighting       | 1 2 3 4 |  4.7
Unarmed Combat | 4 5 6 8 |  8.8
Shapeshifting  | 4 5 6 7 8 |  8.1
Dodging        | |  1.5

Action                     |  1- 3 |  4- 6 |  7- 9 || total
---------------------------+-------+-------+-------++-------
  Melee: Unarmed           |    78 |   213 |   176 ||   467
         Punch             |     1 |     3 |     3 ||     7
    Use: Potion            |       |       |     4 ||     4
         Scroll            |       |       |    19 ||    19
   Stab: Sleeping          |       |     1 |       ||     1
 Armour: Animal skin       |    61 |   133 |   158 ||   352
  Dodge: Dodged            |    39 |   103 |    89 ||   231
  Block: Other             |       |       |     1 ||     1
